 Dungeon Crawl Stone Soup version 0.29.1-1-gd02db6906a (webtiles) character file.

Game seed: 13332595413285409940

108 funnyparkerb the Magician (level 5, -8/40 HPs)
             Began as a Djinni Fire Elementalist on Sept 20, 2022.
             Killed by an exploding Ijyb (16 damage)
             ... ignited by their inner flame
             ... on level 3 of the Dungeon.
             The game lasted 00:05:50 (4515 turns).

funnyparkerb the Magician (DjFE)                    Turns: 4515, Time: 00:05:51

Health: -8/40      AC:  2    Str:  7    XL:     5   Next: 12%
Gold:   208        EV: 12    Int: 18    God:
                   SH:  0    Dex: 14

rFire   + + .      SeeInvis .   i - +3 dagger (venom)
rCold   x . .      Faith    .   (no shield)
rNeg    . . .      Spirit   .   a - +0 robe
rPois   ∞          Reflect  .   (no helmet)
rElec   .          Harm     .   (no cloak)
rCorr   .          Rampage  .   (no gloves)
Will    .....                   (boots unavailable)
Stlth   ++........              (no amulet)
HPRegen 0.13/turn               (no ring)
MPRegen 0.00/turn               (no ring)

@: flying, very slightly contaminated
A: sickness immunity, fire resistance 2, cold vulnerability 1, float, innate
caster, HP casting, extra vitality 1
a: no special abilities


You were on level 3 of the Dungeon.
You visited 1 branch of the dungeon, and saw 3 of its levels.

You collected 208 gold pieces.

Inventory:

Hand Weapons
 i - a +3 dagger of venom (weapon)
Armour
 a - a +0 robe (worn)
Scrolls
 d - a scroll of enchant armour {unknown}
 e - a scroll of magic mapping {unknown}
 h - a scroll of butterflies {unknown}
 j - a scroll of torment {unknown}
 k - a scroll of teleportation {unknown}
Potions
 b - 2 potions of attraction
 c - a potion of degeneration {unknown}
 f - 2 potions of brilliance {unknown}


   Skills:
 + Level 2.9 Fighting
 - Level 2.1 Dodging
 - Level 1.5 Stealth
 + Level 3.4 Spellcasting


You couldn't memorise any spells.
You knew the following spells:

 Your Spells              Type           Power      Damage    Failure   Level
a - Foxfire               Conj/Fire      60%        2x1d7     3%          1
b - Scorch                Fire           30%        2d6       6%          2
c - Conjure Flame         Conj/Fire      15%        6-21      12%         3
d - Inner Flame           Hex/Fire       15%        N/A       12%         3
e - Flame Wave            Conj/Fire      15%        2d7       36%         4
f - Freeze                Ice            60%        1d8       3%          1
g - Static Discharge      Conj/Air       15%        3-5/arc   6%          2
Your spell library was empty.

Dungeon Overview and Level Annotations

Branches:
Dungeon (3/15)

Altars:

Shops:
D:1 !


Innate Abilities, Weirdness & Mutations

You are immune to sickness and miasma.
You are immune to poison.
Your flesh is very heat resistant. (rF++)
You are vulnerable to cold. (rC-)
You float through the air rather than walking.
You learn spells naturally, not from books.
Your magical power is your life essence.
You have superior vitality. (+4 MHP)


Message History

The foxfire hits Ijyb.
Ijyb is moderately wounded.
Ijyb misses you.
Casting: Inner Flame (dangerous; 12% risk of failure)
Confirm with . or Enter, or press ? or * to list all spells.
Aiming: Inner Flame (dangerous; 12% risk of failure)
Press: ? - help, Dir - move target, f/p - Ijyb
Aim: Ijyb, wielding a +0 club, wearing a +4 ring mail of poison resistance and carrying a wand of acid (9) (moderately wounded, chance to affect: 76%) Ijyb barely resists.
Ijyb hits you with a +0 club.
Casting: Inner Flame (dangerous; 12% risk of failure)
Confirm with . or Enter, or press ? or * to list all spells.
Aiming: Inner Flame (dangerous; 12% risk of failure)
Press: ? - help, Dir - move target, f/p - Ijyb
Aim: Ijyb, wielding a +0 club, wearing a +4 ring mail of poison resistance and carrying a wand of acid (9) (moderately wounded, chance to affect: 76%) Ijyb barely resists.
Ijyb closely misses you.
Casting: Inner Flame (dangerous; 12% risk of failure)
Confirm with . or Enter, or press ? or * to list all spells.
Aiming: Inner Flame (dangerous; 12% risk of failure)
Press: ? - help, Dir - move target, f/p - Ijyb
Aim: Ijyb, wielding a +0 club, wearing a +4 ring mail of poison resistance and carrying a wand of acid (9) (moderately wounded, chance to affect: 76%) Ijyb is filled with an inner flame.
Ijyb misses you.
Casting: Inner Flame (dangerous; 12% risk of failure)
Confirm with . or Enter, or press ? or * to list all spells.
Flames lash Ijyb but do no damage.
Ijyb hits you with a +0 club.
Casting: Scorch (safe; 6% risk of failure)
Confirm with . or Enter, or press ? or * to list all spells.
Flames lash Ijyb.
Flame seeps out of Ijyb.
Ijyb is heavily wounded.
Ijyb's fire resistance burns away.
Ijyb is engulfed in blazing flames.
Flame seeps out of Ijyb.
Ijyb hits you with a +0 club.
* * * LOW HITPOINT WARNING * * *
Casting: Scorch (safe; 6% risk of failure)
Confirm with . or Enter, or press ? or * to list all spells.
Flames lash Ijyb.
Flame seeps out of Ijyb.
Ijyb is almost dead.
* * * LOW HITPOINT WARNING * * *
Ijyb is engulfed in blazing flames.
Ijyb explodes!
The fiery explosion engulfs you! You resist.
You die...

#...# #.##.# #.# ##.## ###.#
#.##.# #.# #.# #.# #.##.###.# #<#
#.# #........# ##'## #.#
####.##### ##...## ### #.#
####.#######.....## ##.###.#
#........##.......##
##...##.######.#§§§##.#.........#
................@○§...'.........'
##...##.######.#.§§##.#.........#
##.###.# #....## ##.......##
#####.## #.#### ##.....## #.#.#
#.# ##...## #..## #.# ##'## #.##
#.. #.# #.# #.# #.# #.# ##.##


There were no monsters in sight!

Vanquished Creatures
  Ijyb (D:3)
  4 adders (D:2)
  3 worms (D:2)
  A dart slug (D:2)
  5 endoplasms
  A giant cockroach (D:1)
  3 goblins (D:2)
  5 hobgoblins
  9 jackals
  2 quokkas
  5 ball pythons
  7 bats
  2 frilled lizards (D:3)
  7 kobolds
  5 rats
60 creatures vanquished.

Vanquished Creatures (others)
  160 foxfires
  2 plants (D:1)
  A withered plant (D:1)
163 creatures vanquished.

Grand Total: 223 creatures vanquished

Notes
Turn   | Place    | Note
-------+----------+-------------------------------------------
     0 | D:1      | funnyparkerb the Djinni Fire Elementalist began the quest
                  | for the Orb.
     0 | D:1      | funnyparkerb set off with the following spells memorised:
                  | Foxfire, Scorch, Conjure Flame, Inner Flame, Flame Wave.
     0 | D:1      | Reached XP level 1. HP: 15/15 MP: 0/0
   322 | D:1      | Reached XP level 2. HP: 16/22 MP: 0/0
   326 | D:1      | Reached skill level 1 in Fighting
   475 | D:1      | Found Suoss's Distillery.
   800 | D:1      | Found a faded altar of an unknown god.
  1133 | D:1      | Reached XP level 3. HP: 24/27 MP: 0/0
  1133 | D:1      | Learned a level 1 spell: Freeze
  1883 | D:2      | Reached skill level 3 in Spellcasting
  2184 | D:2      | Reached XP level 4. HP: 21/33 MP: 0/0
  3692 | D:3      | Noticed Ijyb
  3963 | D:2      | Reached XP level 5. HP: 15/40 MP: 0/0
  3963 | D:2      | Learned a level 2 spell: Static Discharge
  4515 | D:3      | Killed Ijyb
  4515 | D:3      | Killed by an exploding Ijyb... ignited by their inner flame

Illustrated notes

Levels and vault maps discovered:
D:1:      dpeg_arrival_simpleton_a, layout_basic,
          shapermc_ecumenical_altar_flowoftime, serial_shops,
          nicolae_shop_statue_plus
D:2:      minmay_evil_eye, layout_basic
D:3:      layout_loops_corners, grunt_dithmenos_smoke_and_mirrors, uniq_ijyb

Skill      XL: |  1  2  3 |
---------------+----------+-----
Fighting       | 1 2 |  2.9
Spellcasting   | 3 |  3.4
Dodging        | |  2.1
Stealth        | |  1.5

Action                   |  1- 3 |  4- 6 || total
-------------------------+-------+-------++-------
Melee: Unarmed           |     1 |       ||     1
       Dagger            |       |     3 ||     3
 Cast: Foxfire           |    73 |    30 ||   103
       Scorch            |    17 |    30 ||    47
       Inner Flame       |       |     3 ||     3
  Use: Scroll            |       |     2 ||     2
       Potion            |       |     2 ||     2
Armor: Robe              |     3 |     2 ||     5
Dodge: Dodged            |     1 |    23 ||    24
